 Dungeon Crawl Stone Soup version 0.27-a0-1188-g73eefd5def (webtiles) character file.

Game seed: 3082011396330634791

37 siradein the Vexing (level 3, -1/24 HPs)
             Began as a Vampire Enchanter on May 22, 2021.
             Slain by an orc wizard
             ... wielding a +0 dagger
              (3 damage)
             ... on level 3 of the Dungeon.
             The game lasted 00:04:17 (1389 turns).

siradein the Vexing (Vampire Enchanter)             Turns: 1389, Time: 00:04:18

Health: -1/24      AC:  2    Str:  7    XL:     3   Next: 23%
Magic:  0/6        EV: 12    Int: 17    God:
Gold:   46         SH:  0    Dex: 15    Spells: 0/6 levels left

rFire    . . .     SeeInvis +   a - +1 dagger
rCold    . . .     Faith    .   (no shield)
rNeg     . . .     Spirit   .   b - +0 robe
rPois    .         Reflect  .   (no helmet)
rElec    .         Harm     .   (no cloak)
rCorr    .         Rampage  .   (no gloves)
Will     .....                  (no boots)
Stlth    +++.......             (no amulet)
HPRegen  0.28/turn              (no ring)
MPRegen  0.10/turn              (no ring)

@: very slightly contaminated, healing quickly
A: alive, fangs 3, see invisible, vampiric 2
a: Exsanguinate


You were on level 3 of the Dungeon.
You visited 1 branch of the dungeon, and saw 3 of its levels.

You collected 46 gold pieces.

Inventory:

Hand Weapons
 a - a +1 dagger (weapon)
Missiles
 e - 2 curare-tipped darts
 j - 6 poisoned darts
Armour
 b - a +0 robe (worn)
Scrolls
 c - 4 scrolls of teleportation {unknown}
 f - a scroll of fear {unknown}
 g - a scroll of amnesia {unknown}
Potions
 d - a potion of mutation {unknown}
 h - a potion of attraction {unknown}
 i - a potion of might {unknown}
 k - a potion of degeneration {unknown}


   Skills:
 + Level 3.5 Short Blades
 - Level 2.1 Dodging
 - Level 4.4 Stealth
 - Level 2.0 Spellcasting
 - Level 4.4 Hexes


You couldn't memorise any spells.
You knew the following spells:

 Your Spells              Type           Power      Damage    Failure   Level
a - Corona                Hex            17%        N/A       3%          1
b - Ensorcelled Hibernat  Hex/Ice        18%        N/A       12%         2
c - Tukima's Dance        Hex            16%        N/A       10%         3

Your spell library contained the following spells:

 Spells                   Type           Power      Damage    Failure   Level
 Confusing Touch          Hex            16%        N/A       10%         3
 Animate Skeleton         Necr           2%         N/A       19%         1
 Pain                     Necr           4%         1d4       19%         1
 Dazzling Flash           Conj/Hex       18%        N/A       24%         3
 Vampiric Draining        Necr           0%         2d6       50%         3
 Animate Dead             Necr           0%         N/A       88%         4
 Agony                    Necr           1%         N/A       99%         5


Dungeon Overview and Level Annotations

Branches:
Dungeon (2/15)

Altars:


Innate Abilities, Weirdness & Mutations

Your natural rate of healing is accelerated.
You have razor-sharp teeth.
You have supernaturally acute eyesight. (SInv)
You are afflicted with vampirism and can become a bat while bloodless.


Message History

You miscast Tukima's Dance.
You are very lightly contaminated with residual magic.
Nothing appears to happen.
Casting: Tukima's Dance (quite dangerous; 10% risk of failure)
Confirm with . or Enter, or press ? or * to list all spells.
The spell is quite dangerous to cast (10% risk of failure)!
Continue anyway?
Okay, then.
Casting: Tukima's Dance (quite dangerous; 10% risk of failure)
Confirm with . or Enter, or press ? or * to list all spells.
The spell is quite dangerous to cast (10% risk of failure)!
Continue anyway?
Aiming: Tukima's Dance (quite dangerous; 10% risk of failure)
Press: ? - help, Shift-Dir - straight line, f/p - orc wizard
Aim: an orc wizard, wielding a +0 dagger and wearing a +0 robe (asleep, chance to affect: 53%)
The orc wizard shouts!
The orc wizard resists with significant effort.
You hear a shout!
You hit the orc wizard.
The orc wizard is lightly wounded.
An orc comes into view. It is wielding a +0 club.
The orc wizard hits you with a +0 dagger.
You hit the orc wizard but do no damage.
The orc wizard is lightly wounded.
You hit the orc wizard.
You bite the orc wizard, but do no damage.
The orc wizard is moderately wounded.
The orc wizard casts a spell at you. The puff of flame hits you!
You hit the orc wizard but do no damage.
The orc wizard is moderately wounded.
The orc wizard hits you with a +0 dagger.
You hit the orc wizard.
The orc wizard is heavily wounded.
The orc wizard points at you and mumbles some strange words.
The magic dart hits you!
Ouch! That really hurt!
* * * LOW HITPOINT WARNING * * *
You completely miss the orc wizard.
The orc wizard is heavily wounded.
The orc wizard hits you with a +0 dagger.
You die...

### ### #.. ..#
#.# #.# #.# #.#
#.# #o# #.# #o#
#.# #o#
#.########@####.#
#.................
##########.####.##
#... #####


You could see an orc wizard and 2 orcs.

Vanquished Creatures
  3 bats
  6 endoplasms
  A giant cockroach (D:1)
  2 goblins
  3 kobolds
  3 quokkas
  6 ball pythons (D:1)
  6 frilled lizards (D:1)
  4 rats
34 creatures vanquished.

Vanquished Creatures (others)
  6 plants (D:1)
6 creatures vanquished.

Grand Total: 40 creatures vanquished

Notes
Turn   | Place    | Note
-------+----------+-------------------------------------------
     0 | D:1      | siradein the Vampire Enchanter began the quest for the Orb.
     0 | D:1      | Reached XP level 1. HP: 13/13 MP: 3/3
   261 | D:1      | Reached XP level 2. HP: 19/19 MP: 5/5
   264 | D:1      | Learned a level 2 spell: Ensorcelled Hibernation
   935 | D:2      | Gained mutation: You are afflicted with vampirism and can
                  | become a bat while bloodless. [Vampire growth]
   935 | D:2      | Reached XP level 3. HP: 24/24 MP: 6/6
  1330 | D:2      | Learned a level 3 spell: Tukima's Dance
  1369 | D:2      | You fall into a shaft and drop 1 floor!
  1389 | D:3      | Slain by an orc wizard

Illustrated notes

Levels and vault maps discovered:
D:1:      dpeg_arrival_simpleton_a, layout_loops_cross, minmay_lizard_king
D:2:      layout_loops_ring, chequers_ecumenical_altar_simple_redux,
          basic_altar, serial_bayou_pond_c, kennysheep_nondescript,
          kennysheep_generic_room_4
D:3:      layout_basic, uniq_terence

Skill      XL: |  1  2 |
---------------+-------+-----
Short Blades   | 2 3 |  3.5
Dodging        | |  2.1
Stealth        | |  4.4
Spellcasting   | |  2.0
Hexes          | |  4.4

Action                   || total
-------------------------++-------
Melee: Dagger            ||   112
       Bite              ||     8
 Cast: Tukima's Dance    ||     1
 Stab: Sleeping          ||    14
Armor: Robe              ||    31
Dodge: Dodged            ||    70

Table legend: (Time is in decaauts)
 A = Elapsed time spent in this place.
 B = Non-inter-level travel time spent in this place.
 C = Inter-level travel time spent in this place.
 D = Time resting spent in this place.
 E = Time spent auto-exploring this place.
 F = Levels seen in this place.
 G = Mean time per level.
                   A        B        C        D        E       F      G
               +--------+--------+--------+--------+--------+-----+--------+
         Total |   1375 |   1365 |     10 |      0 |   1083 |   3 |  458.3 |
       Dungeon |   1375 |   1365 |     10 |      0 |   1083 |   3 |  458.3 |
               +--------+--------+--------+--------+--------+-----+--------+

Top non-repeatable levels by time:
     D:1: 893 daAuts
     D:2: 462 daAuts
     D:3: 18 daAuts
